 Dungeon Crawl Stone Soup version 0.25-a0-290-g4a1327ee3a (webtiles) character file.

Game seed: 11535050632803045779, levelgen mode: classic

9909 Borgoz the Slicer (level 11, 0/71 HPs)
             Began as a Kobold Fighter on Dec 15, 2019.
             Was an Elder of Okawaru.
             Slain by a cyclops (31 damage)
             ... on level 11 of the Dungeon.
             The game lasted 00:21:23 (12769 turns).

Borgoz the Slicer (Kobold Fighter)                 Turns: 12769, Time: 00:21:23

Health: 0/71       AC:  8    Str: 18    XL:     11   Next: 83%
Magic:  15/15      EV: 20    Int:  9    God:    Okawaru [****..]
Gold:   361        SH:  0    Dex: 14    Spells: 11/15 levels left

rFire    . . .     SeeInvis +   j - +3 rapier "Ziholynto" {protect, SInv}
rCold    . . .     Gourm    .   (shield restricted)
rNeg     . . .     Faith    +   p - +0 troll leather armour
rPois    .         Spirit   .   s - +1 helmet
rElec    .         Reflect  .   (no cloak)
rCorr    +         Harm     .   (no gloves)
MR       .....                  k - +0 pair of boots
Stlth    ++........             i - amulet of faith
HPRegen  0.61/turn              e - ring of resist corrosion
MPRegen  0.14/turn              (no ring)

@: no status effects
A: small, carnivore
a: Heroism, Renounce Religion


You were on level 11 of the Dungeon.
You worshipped Okawaru.
Okawaru was greatly pleased with you.
You were very full.

You visited 2 branches of the dungeon, and saw 12 of its levels.
You also visited: Bailey.

You collected 521 gold pieces.
You spent 160 gold pieces at shops.

Inventory:

Hand Weapons
 a - a +3 rapier
 j - the +3 rapier "Ziholynto" (weapon) {protect, SInv}
   (You found it on level 8 of the Dungeon)

   It grants its wielder temporary protection when it strikes (+7 to AC).
   It lets you see invisible.
Armour
 c - a +0 shield
 k - a +0 pair of boots (worn)
 n - a +3 leather armour of fire resistance
 p - a +0 troll leather armour (worn)
 s - a +1 helmet (worn)
Jewellery
 e - a ring of resist corrosion (left hand)
 i - an amulet of faith (around neck)
Wands
 b - a wand of acid (8)
 u - a wand of polymorph (14)
 v - a wand of iceblast (7)
 y - a wand of enslavement (17)
Scrolls
 h - a scroll of fog
 m - 5 scrolls of teleportation
 t - 4 scrolls of remove curse
 x - a scroll of amnesia
 z - a scroll of blinking
 B - a scroll of identify
 C - a scroll of magic mapping
Potions
 d - 2 potions of curing
 g - 3 potions of lignification
 l - a potion of brilliance
 o - a potion of invisibility {unknown}
 q - 2 potions of mutation
 r - a potion of flight
 w - 2 potions of ambrosia
 A - a potion of haste
Comestibles
 f - 24 rations


   Skills:
 * Level 9.4 Fighting
 * Level 10.7 Short Blades
 * Level 7.1 Armour
 * Level 9.6 Dodging
 + Level 4.0 Stealth
 - Level 4.7 Shields
 + Level 2.8 Spellcasting
 + Level 2.9 Hexes
 + Level 3.0 Invocations


You had 11 spell levels left.
You knew the following spells:

 Your Spells              Type           Power        Failure   Level  Hunger
a - Confusing Touch       Hex            #.....       11%         1    ##.....
b - Confuse               Hex            #.......     30%         3    ####...

Your spell library contained the following spells:

 Spells                   Type           Power        Failure   Level  Hunger
 Corona                   Hex            #......      11%         1    ##.....
 Ensorcelled Hibernation  Hex/Ice        #.....       28%         2    ###....
 Tukima's Dance           Hex            #.......     30%         3    ####...
 Animate Skeleton         Necr           N/A          34%         1    ##.....
 Apportation              Tloc           #.....       34%         1    ##.....
 Summon Small Mammal      Summ           #...         34%         1    ##.....
 Poisonous Vapours        Pois/Air       #.....       47%         2    ###....
 Dazzling Flash           Conj/Hex       #.....       50%         3    ####...
 Conjure Flame            Conj/Fire      #.......     71%         3    ####...
 Mephitic Cloud           Conj/Pois/Air  #.......     71%         3    ####...
 Freezing Cloud           Conj/Ice/Air   #.........   100%        6    #######
 Ring of Flames           Chrm/Fire      #.........   100%        7    #######


Dungeon Overview and Level Annotations

Branches:
Dungeon (11/15)            Temple (1/1) D:7            Lair (0/6) D:9
    Orc (0/2) D:10         Bailey (visited)

Altars:
Ashenzari
Cheibriados
Dithmenos
Elyvilon
Fedhas
Gozag
Hepliaklqana
Kikubaaqudgha
Makhleb
Nemelex Xobeh
Okawaru
Qazlal
Ru
Sif Muna
Trog
Uskayaw
Vehumet
Wu Jian
Xom
Yredelemnul
Zin
The Shining One

Shops:
D:8 *


Innate Abilities, Weirdness & Mutations

You are small and have problems with some larger weapons.
You are carnivorous and can eat meat at any time.


Message History

There isn't anything to butcher here.
You now have 361 gold pieces (gained 16).
You start removing your armour.
You continue taking off your +0 shield. x4
You finish taking off your +0 shield.
Unknown command.
You start resting.
The cyclops is too close now for your liking.
Unknown command.
The cyclops shouts!
The cyclops throws a large rock.
The large rock hits you but does no damage.
You see here a large rock.
The cyclops throws a large rock.
The large rock hits you!
You see here a large rock.
The cyclops throws a large rock.
The large rock hits you!!
You see here a large rock.
You are too injured to fight recklessly!
You are too injured to fight recklessly!
The cyclops hits you!!
You die...

..#......# ..#.##.###
#+# ..
###.##.#........ .
.......#..#..#..#.
########..........
...# #.......# .#.#
#.....#.# ...#
#.....#C# ...#
#.....#@+ ...#
#.....(.# #'####
###...(.# #....#
#.....#
###'##+#####.(...###
..†....)...(.........
.#...#.............##
#...#.....#.......#
#...#...............


You could see a cyclops.

Vanquished Creatures
  Erolcha (D:11)
  2 orc knights (Bailey)
  An ugly thing (D:11)
  Joseph (D:7)
  A gargoyle (D:10)
  A troll (D:9)
  Prince Ribbit (D:7)
  A slime creature (D:8)
  A spriggan (D:7)
  10 yaks
  A wyvern (D:6)
  Grum (D:9)
  Menkaure (D:4)
  3 wargs (D:10)
  An ice beast (D:9)
  A sky beast (D:5)
  5 orc warriors
  A black bear (D:4)
  2 phantoms
  3 eyes of draining (D:3)
  A necrophage (D:7)
  6 ogres
  3 wolves (D:9)
  A centaur (D:9)
  4 big kobolds
  4 bullfrogs
  A wyvern zombie (D:9)
  3 scorpions
  5 killer bees
  3 wights (D:7)
  3 crimson imps
  2 howler monkeys (D:9)
  5 hounds
  5 jellies
  2 bullfrog skeletons
  A centaur skeleton (D:8)
  3 orc wizards
  4 orc priests
  5 iguanas
  4 worker ants
  A killer bee zombie (D:7)
  A hound skeleton (D:7)
  Robin (D:3)
  7 gnolls
  2 worker ant zombies
  7 adders
  A shadow imp (D:6)
  11 oozes
  An adder zombie (D:6)
  An adder skeleton (D:5)
  5 worms
  3 dart slugs
  4 leopard geckos
  18 orcs
  4 giant cockroaches
  19 goblins
  9 hobgoblins
  3 jackals (D:8)
  33 kobolds
  8 quokkas
  2 ball pythons (D:3)
  5 bats
  6 frilled lizards
  7 rats
263 creatures vanquished.

Vanquished Creatures (collateral kills)
  A yak (D:9)
1 creature vanquished.

Vanquished Creatures (others)
  2 fungi (D:8)
  7 toadstools (D:8)
9 creatures vanquished.

Grand Total: 273 creatures vanquished

Notes
Turn   | Place    | Note
-------+----------+-------------------------------------------
     0 | D:1      | Borgoz the Kobold Fighter began the quest for the Orb.
     0 | D:1      | Reached XP level 1. HP: 14/14 MP: 1/1
    62 | D:1      | Reached XP level 2. HP: 19/19 MP: 2/2
    74 | D:1      | Reached skill level 3 in Short Blades
   163 | D:1      | Reached skill level 1 in Dodging
   667 | D:1      | Reached XP level 3. HP: 23/23 MP: 3/3
   953 | D:2      | HP: 1/24 [worm (5)]
  1636 | D:2      | Reached XP level 4. HP: 27/29 MP: 4/4
  2909 | D:3      | Reached XP level 5. HP: 33/33 MP: 5/5
  2960 | D:3      | Reached skill level 4 in Short Blades
  2968 | D:3      | Noticed a +0 hand axe
  2969 | D:3      | Found a hide-covered altar of Uskayaw.
  2969 | D:3      | Noticed a -1 hand axe
  3249 | D:3      | Reached XP level 6. HP: 17/39 MP: 6/6
  3436 | D:3      | Found a glowing golden altar of the Shining One.
  3600 | D:3      | Noticed Robin
  3629 | D:3      | Killed Robin
  3765 | D:3      | Noticed an eye of draining
  3766 | D:3      | Found a bloodstained altar of Trog.
  3766 | D:3      | Noticed an eye of draining
  3766 | D:3      | Noticed an eye of draining
  3784 | D:3      | Killed an eye of draining
  3811 | D:3      | Killed an eye of draining
  3811 | D:3      | Reached skill level 5 in Short Blades
  3811 | D:3      | Reached XP level 7. HP: 43/44 MP: 0/7
  3824 | D:3      | Reached skill level 5 in Fighting
  4107 | D:4      | Noticed Menkaure
  4114 | D:4      | Killed Menkaure
  4341 | D:4      | Reached skill level 6 in Short Blades
  4341 | D:4      | Reached XP level 8. HP: 35/50 MP: 8/8
  4617 | D:4      | Found a radiant altar of Vehumet.
  4791 | D:5      | Entered Level 5 of the Dungeon
  4800 | D:4      | Reached skill level 5 in Dodging
  5013 | D:5      | Found an ancient bone altar of Kikubaaqudgha.
  5032 | D:5      | Found a hazy altar of Hepliaklqana.
  5371 | D:5      | Got a twisted hand axe
  5384 | D:5      | Identified the cursed +2 hand axe "Ittuusaeku" {venom,
                  | +Blink} (You found it on level 5 of the Dungeon)
  6162 | D:6      | Noticed a wyvern
  6174 | D:6      | HP: 1/51 [wyvern (3)]
  6176 | D:6      | Killed a wyvern
  6176 | D:6      | Reached skill level 7 in Short Blades
  6621 | D:6      | Reached XP level 9. HP: 47/56 MP: 9/9
  7213 | D:7      | Reached skill level 5 in Armour
  7762 | D:7      | Noticed Joseph
  7806 | D:7      | Killed Joseph
  7806 | D:7      | Reached skill level 8 in Short Blades
  8055 | D:7      | Noticed Prince Ribbit
  8066 | D:7      | Killed Prince Ribbit
  8496 | D:7      | Found a staircase to the Ecumenical Temple.
  8521 | D:7      | Reached XP level 10. HP: 17/63 MP: 10/10
  8948 | D:7      | Reached skill level 9 in Short Blades
  9321 | Temple   | Entered the Ecumenical Temple
  9531 | Temple   | Became a worshipper of Warmaster Okawaru
  9967 | D:8      | Learned a level 1 spell: Confusing Touch
 10095 | D:8      | Got a slimy rapier
 10096 | D:8      | Identified the +3 rapier "Ziholynto" {protect, SInv} (You
                  | found it on level 8 of the Dungeon)
 10458 | D:8      | Found Wiot's Assorted Antiques.
 10470 | D:8      | Bought a square diamond amulet for 160 gold pieces
 10608 | D:8      | Reached * piety under Okawaru
 10608 | D:8      | Reached skill level 1 in Stealth
 10624 | D:8      | Reached skill level 1 in Spellcasting
 10945 | D:9      | Reached skill level 1 in Invocations
 11017 | D:9      | Noticed Grum
 11038 | D:9      | Reached skill level 1 in Hexes
 11100 | D:9      | Learned a level 3 spell: Confuse
 11119 | D:9      | Found a flagged portal.
 11139 | Bailey   | Entered a bailey
 11160 | Bailey   | Noticed an orc knight
 11162 | Bailey   | Noticed an orc knight
 11168 | Bailey   | Killed an orc knight
 11170 | Bailey   | Reached ** piety under Okawaru
 11186 | Bailey   | Killed an orc knight
 11186 | Bailey   | Reached XP level 11. HP: 34/69 MP: 13/13
 11431 | D:9      | Found an ornate altar of the Wu Jian Council.
 11491 | D:9      | Reached skill level 10 in Short Blades
 11554 | D:9      | Reached *** piety under Okawaru
 11729 | D:9      | Killed Grum
 11752 | D:9      | Found a staircase to the Lair.
 11782 | D:9      | Found a glowing silver altar of Zin.
 12097 | D:10     | Entered Level 10 of the Dungeon
 12231 | D:10     | Reached **** piety under Okawaru
 12361 | D:10     | Found a staircase to the Orcish Mines.
 12363 | D:10     | Noticed a two-headed ogre
 12687 | D:11     | Noticed a white ugly thing
 12697 | D:11     | Killed a brown ugly thing
 12713 | D:11     | Noticed Erolcha
 12716 | D:11     | Noticed a cyclops
 12730 | D:11     | Killed Erolcha
 12769 | D:11     | Slain by a cyclops

Levels and vault maps discovered:
D:1:      nzn_arrival_settlement, layout_loops_ring
D:2:      layout_loops_ring, first_ration
D:3:      layout_basic, trog_eyes_of_draining, dancing_weapons_uskayaw,
          lemuel_doored_altar, chequers_serial_rivers_micro_d, uniq_robin
D:4:      layout_rooms, nicolae_overflow_crystal_walls, uniq_menkaure
D:5:      layout_loops_ring, amethyst_overflow_temple_binary
D:6:      layout_cave_pods
D:7:      layout_layer_cave, temple_pool_b, the_bakery, uniq_prince_ribbit1,
          uniq_joseph
D:8:      cheibrodos_fertilizer, layout_basic, serial_shops,
          kennysheep_little_box
D:9:      layout_roguey, nicolae_overflow_hidden_temple, marbit_many_paths,
          lair_entry_dummy, enter_bailey_3, uniq_grum
D:10:     layout_stronghold, minmay_orc_entry_guard_dogs, uniq_psyche
D:11:     layout_stronghold, serial_shops, shop, fedhas_altar_2, uniq_maurice,
          uniq_erolcha
Temple:   eino_temple_water

Skill      XL: |  1  2  3  4  5  6  7  8  9 10 11 |
---------------+----------------------------------+-----
Short Blades   | 3 4 5 6 7 8 9 10 | 10.7
Dodging        | 1 2 3 4 6 7 8 9 |  9.6
Fighting       | 4 5 6 7 8 9 |  9.4
Armour         | 3 4 5 6 7 |  7.1
Shields        | 3 4 |  4.7
Stealth        | 2 4 |  4.0
Spellcasting   | 1 2 |  2.8
Invocations    | 1 3 |  3.0
Hexes          | 1 2 |  2.9

Action                   |  1- 3 |  4- 6 |  7- 9 | 10-12 || total
-------------------------+-------+-------+-------+-------++-------
Melee: Rapier            |   114 |   219 |   504 |   547 ||  1384
       Falchion          |       |       |    10 |       ||    10
 Cast: Confusing Touch   |       |       |       |     4 ||     4
Evoke: Wand              |       |     2 |    12 |    18 ||    32
  Use: Potion            |       |     1 |     5 |     1 ||     7
       Scroll            |       |       |    10 |    13 ||    23
 Stab: Paralysed         |       |     1 |     6 |     2 ||     9
       Confused          |       |       |       |     9 ||     9
       Sleeping          |       |       |       |     3 ||     3
  Eat: Chunk             |     7 |    11 |    14 |    15 ||    47
Armor: Scale mail        |    26 |    63 |   130 |    59 ||   278
       Troll leather arm |       |       |       |    15 ||    15
       Leather armour    |       |       |       |     4 ||     4
Dodge: Dodged            |    44 |    54 |   222 |   239 ||   559
Block: Shield            |    58 |    81 |   321 |   199 ||   659
       Reflection        |       |       |       |     1 ||     1
       Rpst.: Falchion   |       |       |     3 |       ||     3

Table legend:
 A = Non-vault XP
 B = Vault XP
 C = Vault XP percentage of total XP
 D = Non-vault monster count
 E = Vault monster count
 F = Vault count percentage of total count
                 A         B        C        D         E       F
            +---------+---------+-------+---------+---------+-------
      Total |    8346 |    5811 |  41.0 |     184 |      80 |  30.3
            +---------+---------+-------+---------+---------+-------
        D:1 |      29 |       0 |   0.0 |      14 |       0 |   0.0
        D:2 |      53 |       0 |   0.0 |      16 |       0 |   0.0
        D:3 |     206 |     428 |  67.5 |      32 |      15 |  31.9
        D:4 |     348 |     172 |  33.1 |      11 |       1 |   8.3
        D:5 |     419 |       0 |   0.0 |      11 |       0 |   0.0
        D:6 |     503 |       0 |   0.0 |      16 |       0 |   0.0
        D:7 |    1629 |     952 |  36.9 |      35 |       3 |   7.9
        D:8 |     491 |     714 |  59.3 |      12 |      17 |  58.6
        D:9 |    2173 |     527 |  19.5 |      24 |       8 |  25.0
       D:10 |    1657 |     486 |  22.7 |       9 |       3 |  25.0
       D:11 |     838 |     965 |  53.5 |       4 |       1 |  20.0
     Bailey |       0 |    1567 | 100.0 |       0 |      32 | 100.0
            +---------+---------+-------+---------+---------+-------
